 Dungeon Crawl Stone Soup version 0.29-a0-1023-g6ae1a4a2c7 (webtiles) character file.

Game seed: 17304844174233356879

74 xian the Chiller (level 4, 0/36 HPs)
             Began as a Deep Elf Ice Elementalist on Aug 11, 2022.
             Succumbed to a gnoll's poison
             ... on level 2 of the Dungeon.
             The game lasted 00:04:37 (1567 turns).

xian the Chiller (Deep Elf Ice Elementalist)        Turns: 1567, Time: 00:04:38

Health: 0/36       AC: 29    Str:  5    XL:     4   Next: 9%
Magic:  1/12       EV:  2    Int: 22    God:
Gold:   35         SH:  0    Dex: 15    Spells: 4/11 levels left

rFire   + . .      SeeInvis .   e - +0 short sword
rCold   . . .      Faith    .   (no shield)
rNeg    . . .      Spirit   .   (body armour currently unavailable)
rPois   +          Reflect  .   (helmet currently unavailable)
rElec   .          Harm     .   (cloak currently unavailable)
rCorr   .          Rampage  .   (gloves currently unavailable)
Will    .....      NoTele   +   (boots currently unavailable)
Stlth   ++........              m - amulet of the acrobat
HPRegen 0.12/turn               i - ring of protection from fire
MPRegen 0.13/turn               (no ring)

@: lethally poisoned (0 -> -3), ice-armoured, tree-form, freezing walls
A: stationary, stasis, torment immunity, boosted hp, (antennae 1), (cold
resistance 1)
a: no special abilities


You were on level 2 of the Dungeon.
You were a tree.
You visited 1 branch of the dungeon, and saw 2 of its levels.

You collected 35 gold pieces.

Inventory:

Hand Weapons
 e - a +0 short sword (weapon)
Armour
 j - a +0 leather armour (melded)
Jewellery
 i - a ring of protection from fire (left branch)
 m - an amulet of the acrobat (around neck)
Scrolls
 c - a scroll of identify {unknown}
Potions
 a - a potion of degeneration {unknown}
 b - a potion of magic
 d - a potion of ambrosia {unknown}
 f - a potion of brilliance {unknown}
 k - a potion of curing {unknown}
 l - a potion of attraction {unknown}
 n - a potion of cancellation {unknown}


   Skills:
 + Level 0.1 Short Blades
 + Level 0.3 Armour
 + Level 2.7 Dodging
 + Level 2.7 Stealth
 + Level 4.1 Spellcasting
 + Level 5.4 Ice Magic


You had 4 spell levels left.
You knew the following spells:

 Your Spells              Type           Power      Damage    Failure   Level
a - Freeze                Ice            100%       1d11      1%          1
b - Frozen Ramparts       Ice            56%        1d9       3%          3
c - Ozocubu's Armour      Ice            28%        N/A       3%          3

Your spell library contained the following spells:

 Spells                   Type           Power      Damage    Failure   Level
 Hailstorm                Conj/Ice       16%        3d6       36%         4


Dungeon Overview and Level Annotations

Branches:
Dungeon (2/15)

Altars:


Innate Abilities, Weirdness & Mutations

You are a tree.
Your roots penetrate the ground, keeping you stationary.
You cannot be teleported.
You are immune to unholy pain and torment.
Your maximum health is greatly increased.
Your equipment is partially melded.
((You have a pair of small antennae on your head.))
((Your flesh is cold resistant. (rC+)))


Message History

The gnoll is severely wounded.
The gnoll hits you but does no damage.
You are poisoned.
The wall freezes the gnoll but does no damage.
The gnoll hits you from afar with a +0 spear.
The gnoll closely misses you.
Casting: Freeze (safe; 2% risk of failure)
Confirm with . or Enter, or press ? or * to list all spells.
Aiming: Freeze (safe; 2% risk of failure)
Press: ? - help, Shift-Dir - straight line, f/p - gnoll
Aim: a gnoll, wielding a +1 whip of venom (severely wounded)
You freeze the gnoll!
You kill the gnoll!
* * * LOW HITPOINT WARNING * * *
You feel sick.
The wall freezes the gnoll.
The gnoll hits you but does no damage. The gnoll hits you with a +0 club.
* * * LOW HITPOINT WARNING * * *
Your Spellcasting skill increases to level 4!
You have reached level 4!
You feel clever.
Casting: Freeze (safe; 1% risk of failure)
Confirm with . or Enter, or press ? or * to list all spells.
Aiming: Freeze (safe; 1% risk of failure)
Press: ? - help, Shift-Dir - straight line, f - gnoll
Aim: a gnoll, wielding a +0 club You freeze the gnoll.
The gnoll is moderately wounded.
* * * LOW HITPOINT WARNING * * *
You feel sick.
The wall freezes the gnoll but does no damage.
The gnoll barely misses you. The gnoll closely misses you.
It was a potion of lignification.
You turn into a tree.
Your +0 leather armour melds into your body.
Your roots penetrate the ground.
* * * LOW HITPOINT WARNING * * *
You feel sick.
The wall freezes the gnoll.
The gnoll hits you but does no damage. x2
It was a potion of mutation.
You feel extremely strange.
You feel resistant to cold. A pair of antennae grows on your head!
You die...

....# # ....# #.
#'#.# #. ######.#.#
####.##....#.#.##
................#
#..g).....#..## ###
#.♣.g........#.#.#
#.###.###......#.#
#. #..g##..#.###.#
#.#.....#..#.# #.#
#.#.....#.##.###.##
#.#.....#...[......
..##(..##..#.###.#.
.. ######..#...#.#.
....#...#.#.


You could see 2 gnolls.

Vanquished Creatures
  Jessica (D:2)
  A gnoll (D:2)
  A worm (D:2)
  A dart slug (D:1)
  3 bats (D:1)
  6 endoplasms
  4 giant cockroaches
  3 goblins (D:1)
  3 hobgoblins (D:1)
  2 ball pythons (D:1)
  2 frilled lizards (D:1)
  2 kobolds (D:1)
  2 rats
31 creatures vanquished.

Notes
Turn   | Place    | Note
-------+----------+-------------------------------------------
     0 | D:1      | xian the Deep Elf Ice Elementalist began the quest for the
                  | Orb.
     0 | D:1      | Reached XP level 1. HP: 10/10 MP: 6/6
   347 | D:1      | Reached XP level 2. HP: 15/15 MP: 6/8
   671 | D:1      | Reached skill level 5 in Ice Magic
  1206 | D:1      | Reached XP level 3. HP: 19/19 MP: 6/9
  1213 | D:1      | Learned a level 3 spell: Frozen Ramparts
  1217 | D:1      | Learned a level 3 spell: Ozocubu's Armour
  1286 | D:2      | Noticed Jessica
  1294 | D:2      | Killed Jessica
  1565 | D:2      | Reached XP level 4. HP: 2/24 MP: 2/12
  1565 | D:2      | HP: 1/24 [poisoned by a gnoll]
  1567 | D:2      | Gained mutation: Your flesh is cold resistant. (rC+)
                  | [potion of mutation]
  1567 | D:2      | Gained mutation: You have a pair of small antennae on your
                  | head. [potion of mutation]
  1567 | D:2      | Succumbed to a gnoll's poison

Illustrated notes

Levels and vault maps discovered:
D:1:      dpeg_arrival_pits, layout_basic
D:2:      layout_basic, serial_shops, nicolae_lakefront_shop,
          minmay_misc_feat_enclosed, uniq_jessica, uniq_crazy_yiuf_cottage,
          uniq_sigmund

Skill      XL: |  1  2  3 |
---------------+----------+-----
Ice Magic      | 5 |  5.4
Spellcasting   | 4 |  4.1
Short Blades   | |  0.1
Armour         | |  0.3
Dodging        | |  2.7
Stealth        | |  2.7

Action                   |  1- 3 |  4- 6 || total
-------------------------+-------+-------++-------
Melee: Short sword       |     7 |       ||     7
 Cast: Freeze            |    46 |     1 ||    47
       Ozocubu's Armour  |     2 |       ||     2
       Frozen Ramparts   |     2 |       ||     2
  Use: Potion            |       |     2 ||     2
Armor: Leather armour    |     7 |       ||     7
       Robe              |     1 |       ||     1
       Skin              |       |     2 ||     2
Dodge: Dodged            |    23 |     2 ||    25

Table legend: (Time is in decaauts)
 A = Elapsed time spent in this place.
 B = Non-inter-level travel time spent in this place.
 C = Inter-level travel time spent in this place.
 D = Time resting spent in this place.
 E = Time spent auto-exploring this place.
 F = Levels seen in this place.
 G = Mean time per level.
                   A        B        C        D        E       F      G
               +--------+--------+--------+--------+--------+-----+--------+
         Total |   1565 |   1538 |     27 |      0 |   1226 |   2 |  782.5 |
       Dungeon |   1565 |   1538 |     27 |      0 |   1226 |   2 |  782.5 |
               +--------+--------+--------+--------+--------+-----+--------+

Top non-repeatable levels by time:
     D:1: 1284 daAuts
     D:2: 281 daAuts
